 Dungeon Crawl Stone Soup version 0.30-a0-918-g0ff054e9dc (webtiles) character file.

Game seed: 9493528118811165502

1311 Pimp the Trooper (level 8, -1/96 HPs)
             Began as a Demonspawn Fighter on Mar 20, 2023.
             Succumbed to Ijyb's poison
             ... on level 5 of the Dungeon.
             The game lasted 00:08:42 (3912 turns).

Pimp the Trooper (Demonspawn Fighter)               Turns: 3912, Time: 00:08:42

Health: -1/96      AC: 12    Str: 16 (18) XL:     8   Next: 32%
Magic:  8/8        EV:  9    Int:  8 (11) God:
Gold:   124        SH:  5    Dex: 10 (12) Spells: 7/7 levels left

rFire   . . .      SeeInvis .    v - +0 broad axe
rCold   . . .      Faith    .    c - +0 buckler
rNeg    . . .      Spirit   .    b - +0 scale mail
rPois   .          Reflect  .    (no helmet)
rElec   .          Rampage  .    j - +0 cloak
rCorr   .                        (no gloves)
Will    .....                    k - +0 pair of boots Stlth
                                 (no amulet)
HPRegen 0.36/turn                (no ring)
MPRegen 0.11/turn                (no ring)

@: berserking, lethally poisoned (-1 -> -15), hasted, very quick
A: molten scales 2, weakness stinger 2
a: no special abilities


You were on level 5 of the Dungeon.
You visited 1 branch of the dungeon, and saw 5 of its levels.

You collected 124 gold pieces.

Inventory:

Hand Weapons
 a - a +0 war axe
 v - a +0 broad axe (weapon)
Armour
 b - a +0 scale mail (worn)
 c - a +0 buckler (worn)
 j - a +0 cloak (worn)
 k - a +0 pair of boots (worn)
Wands
 d - a wand of flame (7)
 s - a wand of mindburst (4)
Scrolls
 g - a scroll of vulnerability
 l - a scroll of identify
Potions
 f - 2 potions of lignification
 i - 6 potions of brilliance
 o - a potion of flight
 r - 2 potions of mutation


   Skills:
 + Level 5.9 Fighting
 + Level 4.8 Axes
 + Level 5.3 Armour
 + Level 5.3 Shields


You had 7 spell levels left.
You didn't know any spells.
Your spell library contained the following spells:

 Spells                   Type           Power      Damage    Failure   Level
 Foxfire                  Conj/Fire      0%         2x1d4     88%         1
 Summon Small Mammal      Summ           0%         N/A       88%         1
 Call Canine Familiar     Summ           0%         N/A       99%         3
 Portal Projectile        Hex/Tloc       0%         N/A       99%         3
 Summon Guardian Golem    Hex/Summ       0%         N/A       99%         3
 Leda's Liquefaction      Hex/Erth       0%         N/A       100%        4
 Fireball                 Conj/Fire      0%         3d3       100%        5
 Starburst                Conj/Fire      0%         6d3       100%        6


Dungeon Overview and Level Annotations

Branches:
Dungeon (5/15)
 Temple: D:4-7

Altars:


Innate Abilities, Weirdness & Mutations

You are mostly covered in molten scales. (AC +3)
You have a tail ending in a sharp stinger.


Message History

You feel very sick. Ijyb hits you but does no damage.
You are more poisoned.
You bump into the rock wall.
You feel less invigorated.
You feel less confused.
You feel very sick.
You closely miss Ijyb. You tail-slap Ijyb.
Ijyb is almost dead.
You feel very sick. Ijyb hits you but does no damage.
You are lethally poisoned!
You hit Ijyb but do no damage.
Ijyb is almost dead.
* * * LOW HITPOINT WARNING * * *
You feel very sick.
Ijyb hits you with a +3 dagger of venom.
* * * LOW HITPOINT WARNING * * *
You are more poisoned.
A red film seems to cover your vision as you go berserk!
You feel yourself moving faster!
You feel mighty!
* * * LOW HITPOINT WARNING * * *
You feel very sick. Ijyb closely misses you.
You closely miss Ijyb.
Your tail-slap misses Ijyb.
Ijyb is almost dead.
* * * LOW HITPOINT WARNING * * *
You feel extremely sick. You block Ijyb's attack.
You slash Ijyb!
You kill Ijyb!
* * * LOW HITPOINT WARNING * * *
You feel very sick.
* * * LOW HITPOINT WARNING * * *
You feel very sick.
Things that are here:
a +3 dagger of venom; a +0 chain mail; a potion of brilliance You are too berserk!
There is a lethal amount of poison in your body!
You feel a strong urge to attack something.
You die...

...# ###..## #.....##.... ...#
##....# #...##......
...###..##### +####........#..
...#....###.# #.......†.######
...........## #.....#...#
...#..#....# +.♣.......# ###
...........## #[....###.# ##..
............######.#..## #..##...
..............##@)##..# ##.#....
...#....†.....#...#...# #......
...<.......#..#.♣.#..## ###.....
...........#..#...#..# #.......
...........#.###>##..#####.##....
..#........#...###...............
...........................##....
..###.................#########..
.. ##...(.........#### #..


There were no monsters in sight!

Vanquished Creatures
  Pikel (D:5)
  Grinder (D:4)
  An ogre (D:4)
  A black bear (D:5)
  A lemure (D:5)
  3 scorpions (D:5)
  An orc priest (D:3)
  3 jellies
  A sleepcap (D:5)
  Ijyb (D:5)
  An iguana (D:5)
  7 adders
  2 ufetubi
  4 dart slugs
  5 orcs
  8 ball pythons
  4 endoplasms
  3 giant cockroaches
  9 goblins
  5 hobgoblins
  4 jackals
  4 quokkas
  5 bats
  3 frilled lizards
  2 kobolds (D:4)
  6 rats
86 creatures vanquished.

Notes
Turn   | Place    | Note
-------+----------+-------------------------------------------
     0 | D:1      | Pimp the Demonspawn Fighter began the quest for the Orb.
     0 | D:1      | Reached XP level 1. HP: 18/18 MP: 1/1
   156 | D:1      | Gained mutation: You have a small tail. [demonic ancestry]
   156 | D:1      | Reached XP level 2. HP: 24/24 MP: 2/2
   609 | D:1      | Reached XP level 3. HP: 29/29 MP: 3/3
   847 | D:2      | Gained mutation: You are partially covered in molten
                  | scales. (AC +2) [demonic ancestry]
   847 | D:2      | Reached XP level 4. HP: 29/35 MP: 4/4
  1446 | D:3      | Gained mutation: You are mostly covered in molten scales.
                  | (AC +3) [demonic ancestry]
  1446 | D:3      | Reached XP level 5. HP: 35/42 MP: 5/5
  2348 | D:4      | Noticed Grinder
  2365 | D:4      | Killed Grinder
  2366 | D:4      | Reached XP level 6. HP: 9/49 MP: 6/6
  3210 | D:5      | Entered Level 5 of the Dungeon
  3218 | D:5      | Reached XP level 7. HP: 38/55 MP: 7/7
  3226 | D:5      | Reached skill level 5 in Fighting
  3601 | D:5      | Noticed Pikel
  3617 | D:5      | Killed Pikel
  3618 | D:5      | Reached skill level 5 in Armour
  3618 | D:5      | Reached skill level 5 in Shields
  3618 | D:5      | Gained mutation: You have a tail ending in a sharp stinger.
                  | [demonic ancestry]
  3618 | D:5      | Reached XP level 8. HP: 15/64 MP: 8/8
  3888 | D:5      | Noticed Ijyb
  3910 | D:5      | Killed Ijyb
  3910 | D:5      | HP: 4/96 [poisoned by Ijyb]
  3911 | D:5      | HP: 1/96 [poisoned by Ijyb]
  3912 | D:5      | Succumbed to Ijyb's poison

Illustrated notes

Levels and vault maps discovered:
D:1:      saegor_arrival_simple_b, layout_basic
D:2:      layout_loops_cross
D:3:      layout_basic
D:4:      layout_basic, uniq_grinder
D:5:      layout_rooms, st_stairs_8, hangedman_decor_peaks_small, minivault_19,
          grunt_ministairs_4, uniq_prince_ribbit1, uniq_ijyb, uniq_pikel

Skill      XL: |  1  2  3  4  5  6  7 |
---------------+----------------------+-----
Axes           | 2 3 4 |  4.8
Armour         | 3 4 5 |  5.3
Shields        | 3 4 5 |  5.3
Fighting       | 4 5 |  5.9

Action                     |  1- 3 |  4- 6 |  7- 9 || total
---------------------------+-------+-------+-------++-------
  Melee: War axe           |    62 |   116 |       ||   178
         Tailslap          |     5 |    11 |     8 ||    24
         Broad axe         |       |    16 |    43 ||    59
    Use: Scroll            |       |    11 |       ||    11
         Potion            |       |     1 |     6 ||     7
 Armour: Scale mail        |    39 |    80 |    29 ||   148
  Dodge: Dodged            |    22 |    67 |    19 ||   108
  Block: Buckler           |    16 |    34 |    14 ||    64

Table legend: (Time is in decaauts)
 A = Elapsed time spent in this place.
 B = Non-inter-level travel time spent in this place.
 C = Inter-level travel time spent in this place.
 D = Time resting spent in this place.
 E = Time spent auto-exploring this place.
 F = Levels seen in this place.
 G = Mean time per level.
                   A        B        C        D        E       F      G
               +--------+--------+--------+--------+--------+-----+--------+
         Total |   3988 |   3937 |     51 |    713 |   2496 |   5 |  797.6 |
       Dungeon |   3988 |   3937 |     51 |    713 |   2496 |   5 |  797.6 |
               +--------+--------+--------+--------+--------+-----+--------+

Top non-repeatable levels by time:
     D:4: 1205 daAuts
     D:2: 750 daAuts
     D:5: 719 daAuts
     D:1: 682 daAuts
     D:3: 630 daAuts
